 Dungeon Crawl Stone Soup version 0.21.1-1-g345015f (webtiles) character file.

219 Fang the Chopper (level 5, 0/34 HPs)
             Began as a Gargoyle Berserker on May 22, 2018.
             Was a Believer of Trog.
             Killed by nerve-wracking pain
             ... invoked by Grinder
              (7 damage)
             ... on level 3 of the Dungeon.
             The game lasted 00:02:07 (2163 turns).

Fang the Chopper (Gargoyle Berserker)               Turns: 2163, Time: 00:02:08

Health: 0/34       AC: 10    Str: 22    XL:     5   Next: 96%
Magic:  5/5        EV: 12    Int:  7    God:    Trog [**....]
Gold:   143        SH:  0    Dex:  9    Spells: 4/4 levels left

rFire    . . .     SeeInvis .   a - +0 hand axe
rCold    . . .     Gourm    .   (no shield)
rNeg     + . .     Faith    .   i - +0 leather armour (curse)
rPois    ∞         Spirit   .   j - +2 helmet
rElec    +         Reflect  .   (no cloak)
rCorr    .         Harm     .   (no gloves)
MR       .....                  (no boots)
Stlth    +.........             (no amulet)
HPRegen  0.11/turn              (no ring)
MPRegen  0.09/turn              (no ring)

@: berserk cooldown, slowed, very slow
A: negative energy resistance 1, electricity resistance, unbreathing,
petrification resistance, rot immunity, AC +4
a: Berserk, Trog's Hand, Burn Spellbooks, Renounce Religion


You were on level 3 of the Dungeon.
You worshipped Trog.
Trog was pleased with you.
You were near starving.

You visited 1 branch of the dungeon, and saw 3 of its levels.

You collected 143 gold pieces.

Inventory:

Hand Weapons
 a - a +0 hand axe (weapon)
Armour
 b - a +0 animal skin
 i - a cursed +0 leather armour (worn)
 j - a +2 helmet (worn)
 m - a +1 scale mail of magic resistance
Jewellery
 n - an uncursed ring of fire {unknown}
Scrolls
 e - 3 scrolls of teleportation {unknown}
 g - 4 scrolls of identify {unknown}
 o - a scroll of blinking {unknown}
Potions
 d - a potion of flight {unknown}
 f - a potion of haste {unknown}
 h - a potion of might {unknown}
 k - a potion of curing {unknown}
 l - 3 potions of magic {unknown}
Comestibles
 c - 4 rations


   Skills:
 + Level 4.4 Fighting
 + Level 4.5 Axes
 + Level 2.6 Armour
 + Level 2.5 Dodging
 + Level 0.1 Stealth


You had 4 spell levels left.
You didn't know any spells.

Dungeon Overview and Level Annotations

Branches:
Dungeon (3/15)

Altars:
Cheibriados
Vehumet

Annotations:
D:3 Grinder


Innate Abilities, Weirdness & Mutations

You are resistant to torment.
Your stone body is resilient. (AC +4)
You are immune to poison.
You resist negative energy. (rN+)
You are resistant to electric shocks. (rElec)
You can survive without breathing.
You are immune to petrification.
You are immune to rotting.


Message History

You barely miss Grinder.
Grinder is severely wounded.
Grinder barely misses you.
Grinder blinks!
Grinder blinks!
Unknown command.
Grinder blinks!
Grinder gestures at you.
You are unaffected.
Grinder gestures at you. You resist with significant effort.
Grinder hits you but does no damage.
You hit Grinder.
Grinder is almost dead.
Grinder hits you.
* * * LOW HITPOINT WARNING * * *
You writhe in agony.
* * * LOW HITPOINT WARNING * * *
Grinder blinks!
Grinder gestures at you. Pain shoots through your body!
You die...

..............#####.##
#.# #.#
##....#######.# #_##
#.# #.#
##...........######
#.# #.#
#.#.##########..# #.#
#.. ###.#.# #5## #.#
##. ......# #.# #.# #.
###.### #.# #.# #. #.#
#.# #.# #. #.# #@#
#.####. #.# #.#
#...... #.# #.#
######. #.# #.# #.....
#.# #.# #.#... #.# #.#
#.#.## #.# #.# #.#.#
#.# #.# #.#.#
###.######### #.#
#.#.#


You could see Grinder.

Vanquished Creatures
  A jelly (D:3)
  An orc priest (D:3)
  2 orc wizards (D:3)
  Terence (D:2)
  2 adders (D:2)
  A dart slug (D:2)
  6 orcs (D:3)
  3 ball pythons
  2 giant cockroaches (D:3)
  7 goblins
  4 hobgoblins
  7 bats
  5 frilled lizards
  8 kobolds
  8 rats
58 creatures vanquished.

Notes
Turn   | Place    | Note
-------+----------+-------------------------------------------
     0 | D:1      | Fang the Gargoyle Berserker began the quest for the Orb.
     0 | D:1      | Reached XP level 1. HP: 14/14 MP: 1/1
   243 | D:1      | Reached XP level 2. HP: 13/19 MP: 2/2
   823 | D:2      | Noticed Terence
   834 | D:2      | Reached XP level 3. HP: 15/24 MP: 3/3
   836 | D:2      | Killed Terence
   898 | D:2      | Reached ** piety under Trog
   905 | D:2      | Reached XP level 4. HP: 27/29 MP: 4/4
  1069 | D:3      | Reached XP level 5. HP: 23/33 MP: 5/5
  1412 | D:3      | Found a snail-covered altar of Cheibriados.
  1486 | D:3      | Found a radiant altar of Vehumet.
  2127 | D:3      | Noticed Grinder
  2130 | D:3      | Paralysed by Grinder for 3 turns
  2140 | D:3      | Paralysed by Grinder for 3 turns
  2163 | D:3      | Killed from afar by Grinder

Skill      XL: |  1  2  3  4 |
---------------+-------------+-----
Axes           | 3 4 |  4.5
Dodging        | 2 |  2.5
Fighting       | 4 |  4.4
Armour         | |  2.6
Stealth        | |  0.1

Action                   |  1- 3 |  4- 6 || total
-------------------------+-------+-------++-------
Melee: Hand axe          |    88 |    97 ||   185
Invok: Berserk           |     1 |     3 ||     4
       Burn Spellbooks   |       |     1 ||     1
  Eat: Chunk             |     1 |     5 ||     6
Armor: Animal skin       |    25 |       ||    25
       Leather armour    |    17 |    29 ||    46
Dodge: Dodged            |    78 |    77 ||   155
